 Dungeon Crawl Stone Soup version 0.29-a0-813-g4a14ea37d6 (webtiles) character file.

Game seed: 7147784048822600481

44 LynnLen the Sneak (level 3, -8/19 HPs)
             Began as a Vampire Enchanter on July 4, 2022.
             Mangled by a gnoll
             ... wielding a +0 halberd
              (14 damage)
             ... on level 2 of the Dungeon.
             The game lasted 00:04:56 (1054 turns).

LynnLen the Sneak (Vampire Enchanter)               Turns: 1054, Time: 00:04:57

Health: -8/19      AC:  2    Str:  7    XL:     3   Next: 39%
Magic:  4/6        EV: 13    Int: 17    God:
Gold:   78         SH:  0    Dex: 16    Spells: 0/6 levels left

rFire   . . .      SeeInvis +   a - +3 dagger (drain)
rCold   + + .      Faith    .   (no shield)
rNeg    + + +      Spirit   .   b - +0 robe
rPois   ∞          Reflect  .   (no helmet)
rElec   .          Harm     .   (no cloak)
rCorr   .          Rampage  .   (no gloves)
Will    .....                   (no boots)
Stlth   +++++.....              (no amulet)
HPRegen 0.00/turn               (no ring)
MPRegen 0.10/turn               (no ring)

@: bloodless, inhibited regen
A: bloodless, fangs 3, see invisible, vampiric 2
a: Bat Form, Revivify


You were on level 2 of the Dungeon.
You visited 1 branch of the dungeon, and saw 2 of its levels.

You collected 78 gold pieces.

Inventory:

Hand Weapons
 a - a +3 dagger of draining (weapon)
Armour
 b - a +0 robe (worn)
Scrolls
 e - a scroll of fog
Potions
 c - 2 potions of invisibility
 h - 3 potions of curing {unknown}
 i - 4 potions of heal wounds {unknown}
 j - 2 potions of magic {unknown}


   Skills:
 + Level 1.1 Short Blades
 * Level 2.8 Dodging
 * Level 5.8 Stealth
 + Level 2.0 Spellcasting
 + Level 4.9 Hexes


You couldn't memorise any spells.
You knew the following spells:

 Your Spells              Type           Power      Damage    Failure   Level
a - Confusing Touch       Hex            18%        N/A       8%          3
b - Tukima's Dance        Hex            18%        N/A       8%          3

Your spell library contained the following spells:

 Spells                   Type           Power      Damage    Failure   Level
 Ensorcelled Hibernation  Hex/Ice        20%        N/A       11%         2
 Dazzling Flash           Conj/Hex       20%        N/A       22%         3
 Yara's Violent Unravell  Hex/Tmut       5%         3d4       89%         5
 Enfeeble                 Hex            9%         N/A       100%        7


Dungeon Overview and Level Annotations

Branches:
Dungeon (2/15)

Altars:


Innate Abilities, Weirdness & Mutations

You do not regenerate when monsters are visible.
You are frail without blood (-20% HP).
You can heal yourself when you bite living creatures.
You are immune to poison.
You have razor-sharp teeth.
You have supernaturally acute eyesight. (SInv)
You are afflicted with vampirism and can become a bat while bloodless.


Message History

Aim: a gnoll, wielding a +0 spear (chance to affect: 60%)
The +0 spear dances into the air!
The gnoll hits your +0 spear.
Your +0 spear hits the gnoll.
The gnoll hits your +0 spear.
Your +0 spear hits the gnoll but does no damage.
The gnoll hits your +0 spear.
Your +0 spear falls from the air.
The gnoll shouts!
You hear a shout! x2
You hit the gnoll. You bite the gnoll.
You draw the gnoll's blood!
You feel better.
The gnoll is almost dead.
The gnoll completely misses you.
You hit the gnoll.
You kill the gnoll!
Casting: Tukima's Dance (extremely dangerous; 8% risk of failure)
Confirm with . or Enter, or press ? or * to list all spells.
The spell is extremely dangerous to miscast (8% risk of failure)!
Continue anyway? [Y]es or [N]o only, please.
The spell is extremely dangerous to miscast (8% risk of failure)!
Continue anyway? [Y]es or [N]o only, please.
The spell is extremely dangerous to miscast (8% risk of failure)!
Continue anyway?
Okay, then.
Unknown command.
A gnoll comes into view. It is wielding a +0 club.
The gnoll hits you from afar with a +0 spear.
The gnoll barely misses you. The gnoll hits you with a +0 spear.
You see here a +0 spear.
You hit the gnoll but do no damage. You drain the gnoll.
The gnoll is moderately wounded.
The gnoll hits you from afar with a +0 halberd.
The gnoll hits you with a +0 spear.
You hit the gnoll. You drain the gnoll. Your bite misses the gnoll.
The gnoll is almost dead.
The gnoll misses you. x2
You barely miss the gnoll. You bite the gnoll.
You kill the gnoll!
The gnoll hits you from afar with a +0 halberd!
Ouch! That really hurt!
You die...

.............)#
#.#.###.#####.#
#.# #.# #.# #.#
#.# #.# ..# #.#
### #.# #.#
#.#.#######.#
.....gg)@...#
#.#.#########


You could see 2 gnolls.

Vanquished Creatures
  2 gnolls (D:2)
  2 dart slugs (D:1)
  3 endoplasms (D:1)
  A giant cockroach (D:1)
  3 goblins (D:1)
  4 hobgoblins (D:1)
  3 quokkas (D:1)
  3 ball pythons (D:1)
  4 bats (D:1)
  2 frilled lizards (D:1)
  A kobold (D:2)
  A rat (D:1)
29 creatures vanquished.

Vanquished Creatures (others)
  A dancing weapon (D:2)
1 creature vanquished.

Grand Total: 30 creatures vanquished

Notes
Turn   | Place    | Note
-------+----------+-------------------------------------------
     0 | D:1      | LynnLen the Vampire Enchanter began the quest for the Orb.
     0 | D:1      | Reached XP level 1. HP: 13/13 MP: 3/3
   121 | D:1      | Reached skill level 5 in Stealth
   150 | D:1      | Reached XP level 2. HP: 19/19 MP: 5/5
   512 | D:1      | Gained mutation: You are afflicted with vampirism and can
                  | become a bat while bloodless. [Vampire growth]
   512 | D:1      | Reached XP level 3. HP: 23/24 MP: 6/6
   527 | D:1      | Learned a level 3 spell: Confusing Touch
   531 | D:1      | Learned a level 3 spell: Tukima's Dance
  1054 | D:2      | Mangled by a gnoll

Illustrated notes

Levels and vault maps discovered:
D:1:      dpeg_arrival_lava_temple_mockup, layout_loops_ring,
          nicolae_eternal_life, glass_columns_b
D:2:      layout_loops_ring

Skill      XL: |  1 |
---------------+----+-----
Stealth        | 5 |  5.8
Short Blades   | |  1.1
Dodging        | |  2.8
Spellcasting   | |  2.0
Hexes          | |  4.9

Action                   || total
-------------------------++-------
Melee: Dagger            ||    67
       Bite              ||     6
       Punch             ||     1
 Cast: Tukima's Dance    ||     1
 Abil: Exsanguinate      ||     1
  Use: Scroll            ||     7
 Stab: Sleeping          ||    13
Armor: Robe              ||    17
Dodge: Dodged            ||    41

Table legend: (Time is in decaauts)
 A = Elapsed time spent in this place.
 B = Non-inter-level travel time spent in this place.
 C = Inter-level travel time spent in this place.
 D = Time resting spent in this place.
 E = Time spent auto-exploring this place.
 F = Levels seen in this place.
 G = Mean time per level.
                   A        B        C        D        E       F      G
               +--------+--------+--------+--------+--------+-----+--------+
         Total |   1050 |   1050 |      0 |      0 |    631 |   2 |  525.0 |
       Dungeon |   1050 |   1050 |      0 |      0 |    631 |   2 |  525.0 |
               +--------+--------+--------+--------+--------+-----+--------+

Top non-repeatable levels by time:
     D:1: 927 daAuts
     D:2: 123 daAuts
